 Dungeon Crawl Stone Soup version 0.30-a0-591-g3c58d2bc28 (webtiles) character file.

Game seed: 14695864632296558256

1670 Newt the Cudgeller (level 8, -2/55 HPs)
             Began as a Demonspawn Gladiator on Jan 5, 2023.
             Was a Follower of Hepliaklqana.
             Slain by an ogre
             ... wielding a +0 giant club
              (27 damage)
             ... on level 6 of the Dungeon.
             The game lasted 00:08:15 (4619 turns).

Newt the Cudgeller (Demonspawn Gladiator)           Turns: 4619, Time: 00:08:16

Health: -2/55      AC: 14    Str: 18    XL:     8   Next: 70%
Magic:  12/12      EV: 26    Int:  9    God:    Hepliaklqana [*.....]
Gold:   255        SH:  0    Dex: 16    Spells: 9/13 levels left

rFire   . . .      SeeInvis .    e - +3 whip (venom)
rCold   + . .      Faith    .    (no shield)
rNeg    . . .      Spirit   .    o - +3 ring mail of Life {Rampage Str+2}
rPois   .          Reflect  .    c - +1 helmet
rElec   .          Harm     .    d - +2 cloak
rCorr   .          Rampage  +    (no gloves)
Will    .....                    (no boots)
Stlth   +                        k - amulet of the acrobat
HPRegen 0.29/turn                p - ring of protection from cold
MPRegen 0.13/turn                (no ring)

@: acrobatic, studying Ice Magic
A: reduced essence, rugged brown scales 1, demonic touch 2
a: Renounce Religion, Recall Ancestor, Ancestor Identity


You were on level 6 of the Dungeon.
You worshipped Hepliaklqana.
Hepliaklqana was aware of your devotion.
You visited 2 branches of the dungeon, and saw 7 of its levels.

You collected 255 gold pieces.

Inventory:

Hand Weapons
 a - a +0 rapier of freezing
 e - a +3 whip of venom (weapon)
 z - a +2 dire flail of draining
Missiles
 f - a curare-tipped dart (quivered)
 i - 5 throwing nets
 m - 17 poisoned darts
Armour
 b - a +0 leather armour
 c - a +1 helmet (worn)
 d - a +2 cloak (worn)
 g - a +0 scale mail
 o - the +3 ring mail of Life (worn) {Rampage Str+2}
   (You found it on level 3 of the Dungeon)

   Str:       It affects your strength (+2).
   Rampage:   It bestows one free step when moving towards enemies.
Jewellery
 k - an amulet of the acrobat (around neck)
 p - a ring of protection from cold (left hand)
 r - an amulet of guardian spirit
Wands
 A - a wand of mindburst (20)
Scrolls
 s - a scroll of brand weapon
 v - 3 scrolls of fear
 x - 2 scrolls of amnesia
 y - 2 scrolls of enchant armour
Potions
 h - a potion of ambrosia {unknown}
 j - a potion of mutation {unknown}
 l - a potion of curing
 n - a potion of lignification {unknown}
 q - 2 potions of flight {unknown}
 u - 3 potions of heal wounds {unknown}
 w - a potion of attraction {unknown}
 B - a potion of brilliance {unknown}


   Skills:
 - Level 4.0 Fighting
 - Level 2.6 Short Blades
 - Level 6.1 Maces & Flails
 - Level 1.7 Throwing
 - Level 2.6 Dodging
 - Level 2.0 Stealth
 - Level 3.0 Unarmed Combat
 - Level 3.0 Spellcasting
 * Level 5.5 Hexes


You had 9 spell levels left.
You knew the following spells:

 Your Spells              Type           Power      Damage    Failure   Level
a - Slow                  Hex            44%        N/A       5%          1
b - Confusing Touch       Hex            11%        N/A       17%         3

Your spell library contained the following spells:

 Spells                   Type           Power      Damage    Failure   Level
 Summon Guardian Golem    Hex/Summ       6%         N/A       45%         3
 Summon Small Mammal      Summ           4%         N/A       47%         1
 Call Canine Familiar     Summ           1%         N/A       85%         3
 Gell's Gravitas          Tloc           1%         N/A       85%         3
 Teleport Other           Tloc           1%         N/A       85%         3
 Vampiric Draining        Necr           1%         2d6       85%         3
 Dispersal                Tloc           0%         N/A       100%        6


Dungeon Overview and Level Annotations

Branches:
Dungeon (6/15)             Temple (1/1) D:4

Altars:
Cheibriados
Dithmenos
Gozag
Hepliaklqana
Nemelex Xobeh
Okawaru
Qazlal
Sif Muna
Trog
Uskayaw
Vehumet
Xom


Innate Abilities, Weirdness & Mutations

Your life essence is reduced to manifest your ancestor. (-10% HP)
You are partially covered in rugged brown scales. (AC +1, +3% HP)
Your touch may inflict irresistible damage on your foes.


Message History

You are too injured to fight recklessly!
You are too injured to fight recklessly!
You are too injured to fight recklessly!
You are too injured to fight recklessly!
You are too injured to fight recklessly!
Unknown command.
You swap places.
The orc warrior hits Amurritum with a +0 hand axe!
The orc wizard casts a spell.
The orc wizard flickers and vanishes!
Deactivating autopickup; reactivate with Ctrl-A.
Amurritum hits the orc warrior but does no damage.
The ogre misses Amurritum.
Unknown command.
The orc warrior hits Amurritum with a +0 hand axe.
Amurritum misses the orc warrior.
The orc warrior hits Amurritum with a +0 hand axe!
Amurritum is destroyed!
You hit the ogre.
The ogre is poisoned.
The ogre is lightly wounded.
The ogre barely misses you.
You barely miss the ogre.
The ogre is lightly wounded.
You hit the ogre but do no damage.
The ogre looks as sick as possible!
The ogre is lightly wounded.
The ogre hits you with a +0 giant club. The ogre attacks as you move away!
The ogre closely misses you.
The orc warrior looks more healthy.
You see here a +0 long sword.
Throw: javelin
Press: ? - help, Shift-Dir - straight line, f - ogre
Aim: an ogre, wielding a +0 giant club (heavily wounded, very poisoned, 76% to hit)
You throw a javelin. The javelin pierces through the ogre.
The ogre is heavily wounded.
The javelin closely misses the orc warrior.
The ogre closely misses you.
You hit the ogre.
The ogre looks as sick as possible!
The ogre is almost dead.
The ogre hits you with a +0 giant club!!
You die...

.....######.....††..#
.....##.....###(#).<#
.....##.##### #.#...#
.....##.# #.#...#
.....'..# #.#.#.#
.....#### #.#.#.#
.....# #o#.. # .....#
#O#######. #.####
#.@....... #.#
########## ..#####.
......... .........
......... ###...).# #
...... # ....##


You could see an orc warrior and an ogre (extremely poisoned).

Vanquished Creatures
  A kobold demonologist (D:5)
  Edmund (D:6)
  2 black bears
  2 ogres
  2 kobold brigands
  Blork the orc (D:5)
  A necrophage (D:6)
  A scorpion (D:4)
  A howler monkey (D:4)
  A vampire bat (D:5)
  A hound (D:4)
  Crazy Yiuf (D:3)
  An iguana (D:5)
  An orc wizard (D:5)
  Robin (D:4)
  4 gnolls
  6 adders
  An ufetubus (D:4)
  3 worms
  3 dart slugs
  11 orcs
  13 bats
  10 endoplasms
  A giant cockroach (D:2)
  10 goblins
  6 hobgoblins
  2 jackals (D:1)
  4 quokkas
  4 ball pythons (D:2)
  3 frilled lizards
  10 kobolds
  6 rats
115 creatures vanquished.

Vanquished Creatures (collateral kills)
  Menkaure (D:6)
  A black bear (D:6)
  A gnoll (D:5)
3 creatures vanquished.

Vanquished Creatures (others)
  An ancestor (D:6)
1 creature vanquished.

Grand Total: 119 creatures vanquished

Notes
Turn   | Place    | Note
-------+----------+-------------------------------------------
     0 | D:1      | Newt the Demonspawn Gladiator began the quest for the Orb.
     0 | D:1      | Reached XP level 1. HP: 16/16 MP: 1/1
    83 | D:1      | Reached skill level 1 in Stealth
   156 | D:1      | Gained mutation: Your touch may inflict minor irresistible
                  | damage on your foes. [demonic ancestry]
   156 | D:1      | Reached XP level 2. HP: 22/22 MP: 2/2
   511 | D:1      | Gained mutation: You are partially covered in rugged brown
                  | scales. (AC +1, +3% HP) [demonic ancestry]
   511 | D:1      | Reached XP level 3. HP: 20/28 MP: 3/3
  1463 | D:3      | Reached XP level 4. HP: 38/38 MP: 4/4
  1636 | D:3      | Found a sparkling altar of Nemelex Xobeh.
  1849 | D:3      | Identified the +3 ring mail of Life {Rampage Str+2}
  1896 | D:3      | Found a runed translucent door.
  1897 | D:3      | Noticed Crazy Yiuf
  1907 | D:3      | Killed Crazy Yiuf
  1908 | D:3      | Reached skill level 1 in Spellcasting
  2143 | D:4      | Noticed an ogre
  2149 | D:4      | Killed an ogre
  2150 | D:4      | Reached XP level 5. HP: 15/43 MP: 5/9
  2387 | D:4      | Found a shimmering blue altar of Sif Muna.
  2440 | D:4      | Gained mutation: Your touch may inflict irresistible damage
                  | on your foes. [demonic ancestry]
  2440 | D:4      | Reached XP level 6. HP: 47/49 MP: 10/10
  2590 | D:4      | Noticed Robin
  2620 | D:4      | Killed Robin
  2625 | D:4      | Reached skill level 1 in Unarmed Combat
  2680 | D:4      | Found a staircase to the Ecumenical Temple.
  2708 | D:4      | Found an iron altar of Okawaru.
  2708 | D:4      | Identified the +3 whip "Raisin" {pain, rC+ Str+3 Dex+4}
  2834 | Temple   | Entered the Ecumenical Temple
  2853 | Temple   | Became a worshipper of Hepliaklqana the Forgotten
  3166 | D:5      | Entered Level 5 of the Dungeon
  3645 | D:5      | Reached XP level 7. HP: 55/55 MP: 11/11
  3684 | D:5      | Reached skill level 1 in Maces & Flails
  3698 | D:5      | Noticed a kobold demonologist
  3712 | D:5      | Killed a kobold demonologist
  3713 | D:5      | Reached skill level 3 in Maces & Flails
  3788 | D:5      | Learned a level 1 spell: Slow
  3792 | D:5      | Learned a level 3 spell: Confusing Touch
  3816 | D:5      | Reached * piety under Hepliaklqana
  3841 | D:5      | Reached skill level 4 in Maces & Flails
  3931 | D:5      | Noticed Blork the orc
  3936 | D:5      | Killed Blork the orc
  3999 | D:5      | Reached skill level 5 in Maces & Flails
  3999 | D:5      | Reached XP level 8. HP: 55/55 MP: 12/12
  4323 | D:6      | Reached skill level 6 in Maces & Flails
  4357 | D:6      | Noticed Edmund
  4358 | D:6      | Noticed Menkaure
  4365 | D:6      | Killed Edmund
  4371 | D:6      | Killed Menkaure
  4372 | D:6      | Reached skill level 5 in Hexes
  4619 | D:6      | Slain by an ogre

Illustrated notes

Levels and vault maps discovered:
D:1:      dpeg_arrival_connections, layout_loops_cross
D:2:      layout_rooms, amcnicky_mini_corridor_feature, grunt_ministairs_12
D:3:      layout_loops_ring, old_standard_altar, uniq_crazy_yiuf_cottage
D:4:      layout_basic, mainiacjoe_overflow_small_starburst,
          mainiacjoe_overflow_catwalk, temple_fountains, uniq_robin
D:5:      layout_gridville, minmay_misc_feat_encased, roderic_batcave,
          minmay_manual_mail, uniq_blork_the_orc
D:6:      layout_basic, nicolae_overflow_hidden_temple, st_stairs_7,
          uniq_edmund, uniq_menkaure
Temple:   hellmonk_temple_rainy

Skill      XL: |  1  2  3  4  5  6  7  8 |
---------------+-------------------------+-----
Stealth        | 2 |  2.0
Fighting       | 3 4 |  4.0
Spellcasting   | 2 3 |  3.0
Hexes          | 2 3 5 |  5.5
Unarmed Combat | 3 |  3.0
Maces & Flails | 5 6 |  6.1
Short Blades   | |  2.6
Throwing       | |  1.7
Dodging        | |  2.6

Action                   |  1- 3 |  4- 6 |  7- 9 || total
-------------------------+-------+-------+-------++-------
Melee: Rapier            |   110 |   132 |       ||   242
       Touch             |    18 |    27 |    24 ||    69
       Whip              |       |     4 |    88 ||    92
       Punch             |       |     1 |     4 ||     5
Throw: Throwing net      |       |     3 |       ||     3
       Dart              |       |     2 |       ||     2
       Javelin           |       |     1 |     1 ||     2
  Use: Scroll            |     8 |     4 |     2 ||    14
       Potion            |       |     1 |       ||     1
 Stab: Sleeping          |     5 |     1 |     1 ||     7
       Distracted        |     1 |       |       ||     1
Armor: Leather armour    |    35 |     3 |       ||    38
       Ring mail         |       |    58 |    44 ||   102
Dodge: Dodged            |    86 |    94 |    65 ||   245

Table legend: (Time is in decaauts)
 A = Elapsed time spent in this place.
 B = Non-inter-level travel time spent in this place.
 C = Inter-level travel time spent in this place.
 D = Time resting spent in this place.
 E = Time spent auto-exploring this place.
 F = Levels seen in this place.
 G = Mean time per level.
                   A        B        C        D        E       F      G
               +--------+--------+--------+--------+--------+-----+--------+
         Total |   4606 |   4424 |    182 |    406 |   3186 |   7 |  658.0 |
       Dungeon |   4576 |   4404 |    172 |    406 |   3177 |   6 |  762.7 |
        Temple |     29 |     19 |     10 |      0 |      9 |   1 |   29.0 |
               +--------+--------+--------+--------+--------+-----+--------+

Top non-repeatable levels by time:
     D:5: 1103 daAuts
     D:4: 998 daAuts
     D:1: 812 daAuts
     D:3: 771 daAuts
     D:2: 547 daAuts
     D:6: 342 daAuts
  Temple: 29 daAuts
